Construct Section Command Post
Selects Indian Artillery Battlegroup
Construct Field Infirmary
Selects Towed ML 4.2-inch Heavy Mortar
Towed ML 4.2-inch Heavy Mortar
Construct Platoon Command Post
Selects Gurkha Rifles Section
6-pounder Anti-tank Gun Team
Construct Company Command Post
Selects Volunteer Infantry
Selects Off-map Airburst Barrage
Selects BL5.5 Artillery Emplacement
Unlock Towed 17-pounder Anti-tank Guns
17-pounder Anti-tank Gun Team